 Dungeon Crawl Stone Soup version 0.24.0-123-gd5b16e6ec5 (webtiles) character file.

Game seed: 4355702761376066417, levelgen mode: deterministic

613 sanka the Archer (level 7, -1/57 HPs)
             Began as a Centaur Hunter on Jan 28, 2020.
             Was a Follower of Okawaru.
             Killed from afar by an orc wizard (11 damage)
             ... with a puff of flame
             ... on level 5 of the Dungeon.
             The game lasted 00:10:37 (5459 turns).

sanka the Archer (Centaur Hunter)                   Turns: 5459, Time: 00:10:38

Health: -1/57      AC: 11    Str: 17    XL:     7   Next: 20%
Magic:  7/7        EV:  7    Int: 10    God:    Okawaru [*.....]
Gold:   323        SH:  0    Dex: 14    Spells: 6/6 levels left

rFire    . . .     SeeInvis .   b - +2 short sword (venom)
rCold    . . .     Gourm    .   (no shield)
rNeg     + . .     Faith    .   A - +2 ring mail "Tom Gays" {rElec MR+ Dex+5 Stlth-}
rPois    .         Spirit   .   (no helmet)
rElec    +         Reflect  .   (no cloak)
rCorr    .         Harm     .   (no gloves)
MR       +....                  p - +0 centaur barding
Stlth    ..........             (no amulet)
HPRegen  0.19/turn              n - ring of positive energy
MPRegen  0.10/turn              (no ring)

@: about to teleport, very quick
A: large, hooves 3, deformed body, speed 2, tough skin 3
a: Heroism, Renounce Religion


You were on level 5 of the Dungeon.
You worshipped Okawaru.
Okawaru was aware of your devotion.
You were not hungry.

You visited 1 branch of the dungeon, and saw 5 of its levels.

You collected 323 gold pieces.


Innate Abilities, Weirdness & Mutations

You have hooves in place of feet.
Armour fits poorly on your strangely shaped body.
You cover ground very quickly.
You have extremely tough skin. (AC +3)


   Skills:
 + Level 3.5 Fighting
 + Level 10.7 Bows
 - Level 1.3 Dodging
 - Level 0.4 Stealth


You had 6 spell levels left.
You didn't know any spells.
Your spell library contained the following spells:

 Spells                   Type           Power        Failure   Level  Hunger
 Animate Skeleton         Necr           N/A          56%         1    ##.....
 Apportation              Tloc           #.....       56%         1    ##.....
 Confusing Touch          Hex            #.....       56%         1    ##.....
 Magic Dart               Conj           #...         56%         1    ##.....
 Summon Small Mammal      Summ           #...         56%         1    ##.....
 Blink                    Tloc           N/A          71%         2    ###....
 Call Imp                 Summ           #.......     71%         2    ###....
 Slow                     Hex            #.......     71%         2    ###....
 Conjure Flame            Conj/Fire      #.......     91%         3    ####...
 Mephitic Cloud           Conj/Pois/Air  #.......     91%         3    ####...


Dungeon Overview and Level Annotations

Branches:
Dungeon (5/15)             Temple (0/1) D:4

Altars:
Dithmenos
Elyvilon
Okawaru

Annotations:
D:5 Pikel

Inventory:

Hand Weapons
 a - a +1 shortbow
 b - a +2 short sword of venom (weapon)
   (You took it off a kobold on level 3 of the Dungeon)
 y - a +0 dire flail of protection
   (You took it off Edmund on level 4 of the Dungeon)
Missiles
 d - 33 arrows
Armour
 p - a +0 centaur barding (worn)
   (You found it on level 2 of the Dungeon)
 A - the +2 ring mail "Tom Gays" (worn) {rElec MR+ Dex+5 Stlth-}
   (You found it on level 4 of the Dungeon)

   It affects your dexterity (+5).
   It insulates you from electricity.
   It affects your resistance to hostile enchantments.
   It makes you less stealthy.
Jewellery
 n - a ring of positive energy (left hand)
   (You found it on level 2 of the Dungeon)
Scrolls
 h - a scroll of enchant weapon
 j - 3 scrolls of immolation {!r}
 l - a scroll of fog
 r - 3 scrolls of amnesia
 t - 2 scrolls of remove curse {@r2}
 v - a scroll of identify {@r1}
 w - a scroll of enchant armour {unknown}
Potions
 g - 2 potions of invisibility {unknown}
 k - a potion of might {unknown}
 m - 2 potions of mutation {unknown}
 o - a potion of agility {unknown}
 q - 3 potions of curing {unknown}
 s - a potion of brilliance {unknown}
 u - 2 potions of ambrosia {unknown}
 x - 2 potions of berserk rage {unknown}
Comestibles
 f - 10 rations
 z - 2 chunks of flesh

..... ##..#.. .......
## #..... ... ##...##
... ##§.§..# #..
##.§.§.§ #..##p§...§§§
#.oK@pp...§§§
#.Z{opZ..§§.§
.Z.ZZ.oo...§.§§....#..
.$##...#§.§..§§§§#...
. #... #.§...$.# #.#
..... ##.....# ..#
###..#####...####..#
... #............# ...
#............#


You could see Pikel, 4 slaves, an orc wizard, 3 orcs, a giant cockroach zombie,
2 kobold zombies, a kobold skeleton and an orc skeleton.


Message History

The orc wizard is wielding a +0 dagger of electrocution.
The orc wizard shouts!
The orc shouts! x2; You hear a shout!
Pikel the Slaver comes into view.
He is wielding a +2 whip of electrocution.
The slave hits you!
The orc wizard looks encouraged for a moment.
The slave hits you but does no damage.
The orc wizard gestures wildly while chanting.
The orc wizard flickers and vanishes!
Deactivating autopickup; reactivate with Ctrl-A.
Found 12 gold pieces.
You closely miss the orc wizard. The orc wizard barely misses you.
The slave barely misses you. The slave hits you but does no damage.
The giant cockroach zombie bites you but does no damage.
The slave barely misses you.
The orc wizard hits you but does no damage.
A kobold zombie comes into view.
The orc wizard hits you but does no damage.
A kobold skeleton comes into view.
You hit the slave.
The slave is poisoned.
The slave is lightly wounded.
The slave hits you but does no damage.
The orc wizard hits you but does no damage.
The slave hits you. The slave hits you but does no damage.
Pikel hits you but does no damage. The slave hits you but does no damage.
You barely miss something.
The orc wizard hits you but does no damage.
Something hits you. The slave hits you but does no damage.
The orc wizard closely misses you. The slave hits you.
Pikel hits you but does no damage. The slave hits you but does no damage.
Something hits you.
As you read the scroll labeled JEELOS SAENNATSIM, it crumbles to dust.
You feel strangely unstable.
It was a scroll of teleportation.
The orc wizard hits you with a +0 dagger.
A kobold zombie comes into view.
The slave hits you but does no damage. The slave hits you.
Pikel barely misses you. The slave barely misses you. Something hits you.
You hit Pikel. You kick Pikel, but do no damage.
Pikel is lightly wounded.
The orc wizard casts a spell at you. The puff of frost hits you!
* * * LOW HITPOINT WARNING * * *
The slave hits you.
* * * LOW HITPOINT WARNING * * *
The orc wizard barely misses you. The slave barely misses you.
Pikel hits you but does no damage. The slave hits you.
* * * LOW HITPOINT WARNING * * *
You hear some strange, mumbled words.
A puff of flame appears from out of thin air!
The puff of flame hits you!
You die...

Levels and vault maps discovered:
D:1:      roderic_crop_circles_arrival_large, layout_loops_corners
D:2:      kb_forest_paths, layout_basic, nicolae_overflow_crystal_walls,
          lemuel_doored_altar
D:3:      minmay_goblin_kobold_castle, layout_basic, first_ration
D:4:      layout_basic, minmay_temple_entry_gardened_gates, elyvilon_altar_3,
          uniq_edmund
D:5:      layout_rooms, nicolae_dithmenos_the_darkroom,
          nicolae_tso_besieged_by_evil, portal_sewer_entry_f,
          serial_bayou_pond_e, uniq_pikel

Vanquished Creatures
  Edmund (D:4)
  A big kobold (D:3)
  A gnoll shaman (D:4)
  14 gnolls
  9 adders
  An ooze (D:3)
  An adder skeleton (D:4)
  3 worms
  A dart slug (D:1)
  5 leopard geckos
  3 orcs (D:3)
  A ball python (D:3)
  7 bats
  5 giant cockroaches
  36 goblins
  38 hobgoblins
  4 frilled lizards
  13 kobolds
  10 rats
154 creatures vanquished.

Table legend:
 A = Turns spent in this place as a percentage of turns spent in the entire game.
 B = Non-inter-level travel turns spent in this place as a percentage of non-inter-level travel turns spent in the entire game.
 C = Inter-level travel turns spent in this place as a percentage of turns spent in this place.
 D = Turns resting spent in this place as a percentage of non-inter-level travel turns spent in this place.
 E = Turns spent auto-exploring this place as a percentage of non-inter-level travel turns spent in this place.
 F = Non-inter-level travel turns spent in this place divided by the number of levels of this place that you've seen.
                   A       B       C       D       E      F
               +-------+-------+-------+-------+-------+----------------------
         Total | 100.0 | 100.0 |   3.1 |  21.8 |  54.5 | 1057.6
       Dungeon | 100.0 | 100.0 |   3.1 |  21.8 |  54.5 | 1057.6
               +-------+-------+-------+-------+-------+----------------------

Table legend:
 A = Kills in this place as a percentage of kills in entire the game.
 B = Kills by you in this place as a percentage of kills by you in the entire game.
 C = Kills by friends in this place as a percentage of kills by friends in the entire game.
 D = Other kills in this place as a percentage of other kills in the entire game.
 E = Experience gained in this place as a percentage of experience gained in the entire game.
 F = Experience gained in this place divided by the number of levels of this place that you have seen.
                   A       B       C       D       E      F
               +-------+-------+-------+-------+-------+----------------------
         Total | 100.0 | 100.0 |   N/A |   N/A | 100.0 | 175.2
       Dungeon | 100.0 | 100.0 |   N/A |   N/A | 100.0 | 175.2
               +-------+-------+-------+-------+-------+----------------------

Notes
Turn   | Place    | Note
-------+----------+-------------------------------------------
     0 | D:1      | sanka the Centaur Hunter began the quest for the Orb.
     0 | D:1      | Reached XP level 1. HP: 17/17 MP: 1/1
   255 | D:1      | Reached XP level 2. HP: 16/24 MP: 2/2
   420 | D:1      | Reached skill level 6 in Bows
   970 | D:1      | Reached XP level 3. HP: 29/29 MP: 3/3
  1526 | D:2      | Reached skill level 7 in Bows
  1705 | D:2      | Found an iron altar of Okawaru.
  1725 | D:2      | Became a worshipper of Warmaster Okawaru
  1779 | D:2      | Reached XP level 4. HP: 31/36 MP: 4/4
  1871 | D:2      | Found a white marble altar of Elyvilon.
  2325 | D:3      | Reached skill level 8 in Bows
  2863 | D:3      | Reached XP level 5. HP: 41/41 MP: 5/5
  3526 | D:3      | Reached skill level 9 in Bows
  3722 | D:3      | Reached XP level 6. HP: 29/48 MP: 6/6
  4197 | D:3      | Reached skill level 10 in Bows
  4696 | D:4      | Reached * piety under Okawaru
  4816 | D:4      | Found a staircase to the Ecumenical Temple.
  5088 | D:4      | Found a white marble altar of Elyvilon.
  5113 | D:4      | Noticed Edmund
  5129 | D:4      | Killed Edmund
  5129 | D:4      | Reached skill level 3 in Fighting
  5129 | D:4      | Reached XP level 7. HP: 46/57 MP: 7/7
  5398 | D:4      | Got a translucent ring mail
  5410 | D:4      | Identified the +2 ring mail "Tom Gays" {rElec MR+ Dex+5
                  | Stlth-} (You found it on level 4 of the Dungeon)
  5430 | D:5      | Entered Level 5 of the Dungeon
  5442 | D:5      | Found a shadowy altar of Dithmenos.
  5453 | D:5      | Noticed Pikel
  5459 | D:5      | HP: 10/57 [slave[Pikel] (6)]
  5459 | D:5      | Killed from afar by an orc wizard

Action                   |  1- 3 |  4- 6 |  7- 9 || total
-------------------------+-------+-------+-------++-------
Melee: Short sword       |   142 |   271 |    12 ||   425
       Kick              |    28 |    49 |     3 ||    80
       Unarmed           |     6 |       |       ||     6
 Fire: Shortbow          |     6 |    57 |       ||    63
  Use: Scroll            |       |     5 |     2 ||     7
  Eat: Chunk             |     2 |     9 |     1 ||    12
Armor: Leather armour    |     3 |       |       ||     3
       Scale mail        |    49 |   182 |     1 ||   232
       Ring mail         |       |       |    17 ||    17
Dodge: Dodged            |    61 |    87 |    12 ||   160
